 Dungeon Crawl Stone Soup version 0.25-a0-413-g3b4b6a4ccc (webtiles) character file.

Game seed: 11752026509657540316, levelgen mode: deterministic

21247 Dragon00 the Fighter (level 12, 115/115 HPs)
             Began as a Minotaur Berserker on Sept 12, 2019.
             Was the Champion of Trog.
             Quit the game on level 2 of the Lair of Beasts on Jan 16, 2020.
             The game lasted 01:15:04 (14612 turns).

Dragon00 the Fighter (Minotaur Berserker)          Turns: 14612, Time: 01:15:04

Health: 115/115    AC: 20    Str: 21    XL:     12   Next: 52%
Magic:  11/11      EV: 10    Int:  4    God:    Trog [******]
Gold:   617        SH: 17    Dex: 16    Spells: 11/11 levels left

rFire    . . .     SeeInvis .   a - +5 broad axe (vamp)
rCold    . . .     Gourm    .   A - +0 large shield
rNeg     . . .     Faith    .   r - +0 plate armour
rPois    .         Spirit   .   (helmet restricted)
rElec    .         Reflect  .   s - +0 cloak
rCorr    .         Harm     .   M - +2 pair of gloves
MR       .....                  J - +0 pair of boots
Stlth    ..........             (no amulet)
HPRegen  0.29/turn              C - +2 ring of evasion
MPRegen  0.12/turn              (no ring)

@: no status effects
A: retaliatory headbutt, horns 2
a: Berserk, Trog's Hand, Brothers in Arms, Renounce Religion


You were on level 2 of the Lair of Beasts.
You worshipped Trog.
Trog was exalted by your worship.
You were not hungry.

You visited 3 branches of the dungeon, and saw 14 of its levels.
You also visited: Ossuary.

You collected 1069 gold pieces.
You spent 452 gold pieces at shops.

Inventory:

Hand Weapons
 a - a +5 vampiric broad axe (weapon)
 b - a +0 hunting sling
 L - a +3 morningstar of venom
Missiles
 g - 33 sling bullets
 y - 11 boomerangs (quivered)
Armour
 r - a +0 plate armour (worn)
 s - a +0 cloak (worn)
 A - a +0 large shield (worn)
 J - a +0 pair of boots (worn)
 M - a +2 pair of gloves (worn)
Jewellery
 h - the amulet of Goesecza {Faith *Slow rPois MR+ Int+5}
   (You acquired it on level 7 of the Dungeon)

   [amulet of faith]

   It allows you to gain divine favour quickly.
   It affects your intelligence (+5).
   It protects you from poison.
   It affects your resistance to hostile enchantments.
   It may slow you when you take damage.
 C - a +2 ring of evasion (left hand)
 K - an uncursed ring of fire
Wands
 j - a wand of flame (11)
 q - a wand of random effects (7)
 v - a wand of iceblast (18)
 z - a wand of disintegration (38)
 I - a wand of clouds (14)
Scrolls
 e - 12 scrolls of teleportation
 f - 6 scrolls of remove curse
 t - 2 scrolls of magic mapping
 x - a scroll of fog
 B - 9 scrolls of identify
 E - a scroll of blinking
 F - 2 scrolls of immolation
 H - 2 scrolls of enchant armour
Potions
 d - 5 potions of curing
 i - 2 potions of brilliance
 k - 4 potions of lignification
 l - 2 potions of haste
 m - 3 potions of agility
 n - 3 potions of might
 o - 5 potions of resistance
 p - a potion of ambrosia
 w - 4 potions of flight
 D - 2 potions of heal wounds
 G - 3 potions of cancellation
Comestibles
 c - 11 rations


   Skills:
 * Level 13.5 Fighting
 * Level 13.4 Axes
 + Level 9.9 Armour
 + Level 9.2 Dodging
 + Level 9.4 Shields


You had 11 spell levels left.
You didn't know any spells.
Your spell library was empty.

Dungeon Overview and Level Annotations

Branches:
Dungeon (11/15)            Temple (1/1) D:5            Lair (2/6) D:8
    Orc (0/2) D:11        Ossuary (visited)
  Swamp: Lair:2-4    Shoals: Lair:2-4     Snake: Lair:2-4    Spider: Lair:2-4

Altars:
Ashenzari
Cheibriados
Dithmenos
Elyvilon
Fedhas
Gozag
Hepliaklqana
Kikubaaqudgha
Makhleb
Nemelex Xobeh
Okawaru
Qazlal
Ru
Sif Muna
Trog
Uskayaw
Vehumet
Wu Jian
Xom
Yredelemnul
Zin
The Shining One
Beogh

Shops:
D:5 *   D:6 *[!


Innate Abilities, Weirdness & Mutations

You reflexively headbutt those who attack you in melee.
You have a pair of horns on your head.


Message History

You are feeling very hungry.
You see here 22 arrows.
Done exploring.
There is a stone staircase leading down here.
You eat one of the 12 rations.
That ration really hit the spot!
You climb downwards.
A spiny frog comes into view.
The spiny frog gives a loud, deep croak!
You hear a screech!
A komodo dragon comes into view.
The komodo dragon hisses angrily.
There is a stone staircase leading up here.
Saving game... please wait.
Welcome back, Dragon00 the Minotaur Berserker.
Trog says: Kill them all!
Press ? for a list of commands and other information.
Welcome back, Dragon00 the Minotaur Berserker.
Trog says: Kill them all!
Press ? for a list of commands and other information.
Are you sure you want to abandon this character and quit the game? (Confirm with "yes".)

.▓▓ .. .l
F▓▓▓▓ ▓▓▓
▓...▓▓▓ .☘▓
. ▓.....▓
...
....▓▓.....▓
.+▓▓▓ ..
.......@...▓
....▓ .
....▓......▓
......▓▓▓.
▓▓.....▓
...▓....▓
.▓.▓...▓
...▓.....
.▓▓.☘.▓...
.......▓ ..
.........
...8...▓. ..
... .....
.<.......
+..
.........
...8.....


You could see a komodo dragon and a spiny frog.

Vanquished Creatures
  3 hydras
  A two-headed ogre (D:11)
  4 skeletal warriors (D:11)
  2 cyclopes (D:11)
  A deep elf mage (D:11)
  An ugly thing (D:11)
  A black mamba (Lair:1)
  5 spiny frogs
  A komodo dragon (Lair:2)
  2 trolls
  2 hippogriffs (Lair:1)
  27 yaks
  Eustachio (D:6)
  3 hungry ghosts
  A basilisk (D:9)
  Menkaure (D:5)
  3 wargs (D:8)
  A water moccasin (Lair:1)
  3 porcupines
  4 sky beasts
  A hornet zombie (D:11)
  4 ice beasts
  4 orc warriors
  A black bear (D:6)
  2 phantoms
  4 ogres
  3 centaurs
  2 eyes of draining
  5 wolves (Lair:2)
  3 crocodiles
  3 big kobolds
  4 bullfrogs
  3 scorpions
  2 troll zombies (D:11)
  10 killer bees (D:10)
  6 wights (D:8)
  3 howler monkeys (D:7)
  2 centaur zombies
  2 bullfrog zombies
  2 crimson imps
  7 hounds
  A human zombie (D:4)
  5 jellies
  13 orc priests
  Crazy Yiuf (D:3)
  A bullfrog skeleton (D:7)
  A centaur skeleton (D:11)
  5 iguanas
  11 orc wizards
  5 worker ants
  Natasha (thrice) (D:3)
  2 big kobold zombies (Ossuary)
  6 ogre zombies (D:11)
  A hound skeleton (D:9)
  4 mummies (Ossuary)
  3 worker ant zombies
  3 gnolls
  10 adders
  3 howler monkey skeletons
  A shadow imp (D:8)
  2 oozes
  An adder zombie (Ossuary)
  An adder skeleton (D:10)
  2 worms
  5 leopard geckos
  73 orcs
  11 bats
  4 giant cockroaches
  8 hobgoblins
  20 jackals
  18 kobolds
  4 quokkas
  6 frilled lizards
  3 gnoll zombies (Ossuary)
  6 goblins
  2 goblin skeletons (D:11)
  4 goblin zombies
  2 hobgoblin skeletons (D:11)
  4 hobgoblin zombies
  A jackal zombie (Ossuary)
  An orc skeleton (D:11)
  15 orc zombies (D:11)
  A quokka skeleton (D:4)
  2 quokka zombies
  9 rats
  3 rat zombies
427 creatures vanquished.

Notes
Turn   | Place    | Note
-------+----------+-------------------------------------------
     0 | D:1      | Dragon00 the Minotaur Berserker began the quest for the
                  | Orb.
     0 | D:1      | Reached XP level 1. HP: 19/19 MP: 0/0
   279 | D:1      | Reached XP level 2. HP: 27/27 MP: 1/1
  1039 | D:1      | Reached XP level 3. HP: 31/33 MP: 2/2
  1328 | D:1      | Reached ** piety under Trog
  1635 | D:2      | Found a sacrificial altar of Ru.
  1700 | D:2      | Reached XP level 4. HP: 27/41 MP: 3/3
  1704 | D:2      | Reached skill level 1 in Shields
  2657 | D:3      | Noticed Natasha
  2664 | D:3      | Killed Natasha
  2664 | D:3      | Reached XP level 5. HP: 45/47 MP: 4/4
  2673 | D:3      | Noticed Natasha
  2680 | D:3      | Killed Natasha
  2773 | D:3      | Noticed Natasha
  2992 | D:3      | Killed Natasha
  2992 | D:3      | Reached skill level 5 in Axes
  3059 | D:3      | Reached skill level 5 in Fighting
  3292 | D:3      | Found a runed translucent door.
  3293 | D:3      | Noticed Crazy Yiuf
  3403 | D:3      | Reached *** piety under Trog
  3530 | D:3      | Killed Crazy Yiuf
  3703 | D:4      | Found a sand-covered staircase.
  3713 | D:4      | Reached XP level 6. HP: 47/56 MP: 5/5
  3721 | Ossuary  | Entered an ossuary
  4088 | D:4      | Found a stormy altar of Qazlal.
  4096 | D:4      | Noticed an air elemental
  4405 | D:4      | Found a burning altar of Makhleb.
  4539 | D:4      | Noticed a water elemental
  4539 | D:4      | Noticed a fire elemental
  4609 | D:4      | Reached XP level 7. HP: 51/63 MP: 6/6
  4642 | D:4      | Reached **** piety under Trog
  5305 | D:4      | Found a glowing silver altar of Zin.
  5306 | D:4      | Found an ancient bone altar of Kikubaaqudgha.
  5718 | D:5      | Entered Level 5 of the Dungeon
  6027 | D:5      | Found a shadowy altar of Dithmenos.
  6063 | D:5      | Found a staircase to the Ecumenical Temple.
  6072 | Temple   | Entered the Ecumenical Temple
  6331 | D:5      | Found Oleph's Assorted Antiques.
  6452 | D:5      | Noticed Menkaure
  6458 | D:5      | Reached XP level 8. HP: 71/71 MP: 7/7
  6467 | D:5      | Killed Menkaure
  6467 | D:5      | Reached skill level 5 in Armour
  6667 | D:5      | Found a basalt altar of Yredelemnul.
  6676 | D:5      | Found a glowing golden altar of the Shining One.
  6788 | D:5      | Bought a golden ring for 90 gold pieces
  6788 | D:5      | Bought a fuming ruby potion for 16 gold pieces
  6827 | D:6      | Found an opulent altar of Gozag.
  7104 | D:6      | Found Pizokk's Distillery.
  7175 | D:6      | Bought a potion of heal wounds for 75 gold pieces
  7175 | D:6      | Bought a potion of heal wounds for 75 gold pieces
  7301 | D:6      | Found a shimmering blue altar of Sif Muna.
  7332 | D:6      | Reached skill level 5 in Dodging
  7442 | D:6      | Noticed Eustachio
  7450 | D:6      | Killed Eustachio
  7450 | D:6      | Reached ***** piety under Trog
  7565 | D:6      | Found Baus's Antique Armour Emporium.
  7747 | D:6      | Found Duduabyfee's General Store.
  7755 | D:6      | Bought a scroll of blinking for 97 gold pieces
  8070 | D:7      | Identified a scroll of acquirement
  8071 | D:7      | Got a fine iron amulet
  8072 | D:7      | Identified the amulet of Goesecza {Faith *Slow rPois MR+
                  | Int+5} (You acquired it on level 7 of the Dungeon)
  8171 | D:7      | Reached skill level 5 in Shields
  8171 | D:7      | Reached XP level 9. HP: 81/82 MP: 8/8
  8187 | D:7      | Found a white marble altar of Elyvilon.
  8477 | D:7      | Found an iron altar of Okawaru.
  8905 | D:8      | Upgraded the game from 0.24-a0-613-g1ff6aac338 to
                  | 0.24-a0-615-g751f86b5a9
  9132 | D:8      | Found a staircase to the Lair.
  9170 | D:8      | Found a blossoming altar of Fedhas.
  9216 | D:8      | Received a gift from Trog
  9642 | D:9      | Noticed a troll
  9651 | D:8      | Killed a troll
  9651 | D:8      | Reached skill level 10 in Fighting
  9651 | D:8      | Reached skill level 10 in Axes
  9651 | D:8      | Reached XP level 10. HP: 79/93 MP: 9/9
  9724 | D:6      | Bought a large shield for 99 gold pieces
 10368 | D:9      | Found a roughly hewn altar of Beogh.
 10648 | D:10     | Entered Level 10 of the Dungeon
 11204 | D:11     | Noticed a cyclops
 11219 | D:11     | Killed a cyclops
 11219 | D:11     | Reached XP level 11. HP: 101/102 MP: 10/10
 11387 | D:11     | Received a gift from Trog
 11548 | D:11     | Found a staircase to the Orcish Mines.
 11550 | D:11     | Noticed a deep elf mage
 11597 | D:11     | Reached ****** piety under Trog
 11605 | D:11     | Killed a deep elf mage
 11643 | D:11     | Noticed a skeletal warrior
 12070 | D:11     | Noticed a two-headed ogre
 12084 | D:11     | Killed a two-headed ogre
 12129 | D:11     | Noticed a white ugly thing
 12133 | D:11     | Killed a white ugly thing
 12186 | D:11     | Noticed a skeletal warrior
 12186 | D:11     | Noticed a skeletal warrior
 12186 | D:11     | Noticed a skeletal warrior
 12198 | D:11     | Killed a skeletal warrior
 12210 | D:11     | Killed a skeletal warrior
 12214 | D:11     | Killed a skeletal warrior
 12225 | D:11     | Killed a skeletal warrior
 12605 | D:11     | Noticed a seven-headed hydra
 12615 | D:11     | Killed a seven-headed hydra
 12953 | Lair:1   | Entered Level 1 of the Lair of Beasts
 12978 | D:8      | Reached XP level 12. HP: 113/113 MP: 11/11
 13072 | Lair:1   | Noticed a five-headed hydra
 13087 | Lair:1   | Killed a five-headed hydra
 13089 | Lair:1   | Received a gift from Trog
 13485 | Lair:1   | You fall into a shaft and drop 1 floor!
 13689 | Lair:1   | Noticed a six-headed hydra
 13696 | Lair:1   | Killed a six-headed hydra
 14612 | Lair:2   | Upgraded the game from 0.24-a0-615-g751f86b5a9 to
                  | 0.25-a0-61-g63109bb16d
 14612 | Lair:2   | Upgraded the game from 0.25-a0-61-g63109bb16d to
                  | 0.25-a0-413-g3b4b6a4ccc
 14612 | Lair:2   | Quit the game

Levels and vault maps discovered:
D:1:      scummos_arrival_star, layout_loops_ring, serial_bayou_pond_d,
          chequers_jeans
D:2:      layout_basic, nicolae_ru_path_of_blood
D:3:      layout_rooms, ebering_dispersal_statue_hall, uniq_natasha,
          uniq_crazy_yiuf_cottage
D:4:      layout_layer_cave, nicolae_qazlal_style_of_elements,
          lemuel_crystal_altar, gammafunk_temple_overflow_statue, first_ration,
          enter_ossuary_3, kennysheep_generic_room_10
D:5:      layout_basic, grunt_temple_overflow_holy_war, grunt_dithmenos_shadows,
          minmay_temple_entry_junction, serial_shops, shop, uniq_menkaure
D:6:      layout_cave_pods, grunt_gozag_breadcrumbs, led_sif_book, serial_shops,
          nicolae_shop_window_shopping, kennysheep_little_box,
          nicolae_shop_statue_plus, uniq_eustachio
D:7:      hangedman_cross_stitches, layout_loops_cross, elyvilon_altar_3,
          okawaru_metal_pillars_1_2, minivault_23, kennysheep_crisscross
D:8:      layout_cave_pools, lemuel_crystal_altar, erik_lair_orcish_takeover
D:9:      layout_loops_cross, special_room [special_room_orc]
D:10:     layout_rooms
D:11:     layout_basic, zombieorc2_lemuel
Temple:   jpeg_temple_island
Lair:1:   layout_layer_cave
Lair:2:   layout_regular_city, grunt_megastairs_2

Skill      XL: |  1  2  3  4  5  6  7  8  9 10 11 12 |
---------------+-------------------------------------+-----
Fighting       | 4 5 6 8 10 11 12 13 | 13.5
Axes           | 4 5 6 8 10 11 12 13 | 13.4
Armour         | 3 4 5 7 8 9 |  9.9
Dodging        | 3 4 5 6 7 8 9 |  9.2
Shields        | 1 2 3 5 6 7 8 9 |  9.4

Action                   |  1- 3 |  4- 6 |  7- 9 | 10-12 || total
-------------------------+-------+-------+-------+-------++-------
Melee: Hand axe          |    76 |   195 |   117 |       ||   388
       Headbutt          |    11 |    42 |    62 |   103 ||   218
       Morningstar       |       |       |   239 |    21 ||   260
       Broad axe         |       |       |    22 |   495 ||   517
 Fire: Hunting sling     |       |     2 |     8 |     2 ||    12
Throw: Boomerang         |       |       |     1 |    16 ||    17
Invok: Berserk           |       |     2 |     1 |     6 ||     9
       Trog's Hand       |       |     1 |     1 |     2 ||     4
  Use: Scroll            |       |     9 |    15 |     6 ||    30
  Eat: Ration            |     1 |       |     1 |     4 ||     6
       Chunk             |       |    11 |    19 |    15 ||    45
Armor: Animal skin       |     8 |       |       |       ||     8
       Leather armour    |    12 |     1 |       |       ||    13
       Ring mail         |       |    13 |       |       ||    13
       Plate armour      |       |    50 |   246 |   206 ||   502
Dodge: Dodged            |    44 |    72 |   136 |   112 ||   364
Block: Buckler           |     2 |    38 |    98 |       ||   138
       Large shield      |       |       |       |   465 ||   465

Table legend:
 A = Non-vault XP
 B = Vault XP
 C = Vault XP percentage of total XP
 D = Non-vault monster count
 E = Vault monster count
 F = Vault count percentage of total count
                 A         B        C        D         E       F
            +---------+---------+-------+---------+---------+-------
      Total |   27041 |    3312 |  10.9 |     324 |     103 |  24.1
            +---------+---------+-------+---------+---------+-------
        D:1 |      56 |       0 |   0.0 |      28 |       0 |   0.0
        D:2 |     107 |       0 |   0.0 |      24 |       0 |   0.0
        D:3 |     127 |      73 |  36.5 |      27 |       2 |   6.9
        D:4 |     490 |      44 |   8.2 |      31 |       2 |   6.1
        D:5 |     556 |     293 |  34.5 |      24 |       2 |   7.7
        D:6 |     551 |     242 |  30.5 |      11 |       2 |  15.4
        D:7 |     632 |     496 |  44.0 |      20 |       6 |  23.1
        D:8 |    2756 |     695 |  20.1 |      33 |      10 |  23.3
        D:9 |    3008 |     495 |  14.1 |      31 |      25 |  44.6
       D:10 |    1397 |       0 |   0.0 |      31 |       0 |   0.0
       D:11 |    9312 |     643 |   6.5 |      35 |      36 |  50.7
     Lair:1 |    6626 |       0 |   0.0 |      21 |       0 |   0.0
     Lair:2 |    1423 |     194 |  12.0 |       8 |       2 |  20.0
    Ossuary |       0 |     137 | 100.0 |       0 |      16 | 100.0
            +---------+---------+-------+---------+---------+-------
